Map: Washout LE

Players

Serral - Winner!

  • Race: Zerg Zerg
  • League: Master

Reynor

  • Race: Zerg Zerg
  • League: Master

VOD

Have the link to the VOD?

Description

Time

  • Played on: July 5, 2026, 2:49 p.m.
  • Length: 21:03
Show
View Real Time Build Order
Export as new Build Order

Serral Zerg - Winner!

Build Orders: Hatch First 

Get SALT Encoding   

  8  0:00  Drone  
  9  0:10  Drone  
  10  0:16  Drone  
  11  0:27  Overlord  
  11  0:33  Drone  
  12  0:45  Drone x2  
  14  0:50  Drone  
  15  1:11  Hatchery  
  15  1:15  Drone  
  15  1:18  Drone  
  15  1:23  Drone  
  17  1:38  Spawning Pool  
  16  1:40  Extractor  
  16  1:42  Drone  
  16  1:45  Drone  
  18  1:55  Overlord  
  18  2:00  Drone  
  19  2:25  Zergling x4, Queen  
  19  2:26  Zergling x2  
  24  2:37  Zergling x2  
  19  2:54  Drone  
  19  2:59  Drone  
  19  3:05  Drone  
  20  3:09  Drone  
  21  3:13  Drone  
  21  3:17  Drone  
  23  3:22  Drone  
  23  3:24  Drone  
  25  3:29  Drone  
  25  3:32  Drone  
  27  3:35  Drone  
  27  3:36  Drone  
  29  3:44  Overlord  
  29  3:45  Drone  
  29  3:48  Drone  
  31  3:51  Drone, Extractor  
  31  3:53  Drone  
  32  4:01  Queen  
  34  4:09  Drone x2  
  36  4:14  Overlord  
  36  4:15  Drone x2  
  36  4:16  Drone  
  39  4:19  Drone  
  39  4:28  Overlord  
  39  4:34  Queen  
  39  4:37  Drone x4  
  45  4:41  Extractor  
  45  4:43  Zergling x2  
  46  4:45  Drone  
  46  4:49  Evolution Chamber  
  45  4:53  Drone x2  
  45  4:55  Drone, Roach Warren  
  47  5:00  Lair  
  47  5:04  Extractor  
  47  5:05  Drone x2  
  47  5:06  Drone  
  49  5:15  Drone x5  
  54  5:24  Overlord  
  54  5:26  Extractor  
  54  5:27  Drone  
  54  5:28  Zerg Missile Weapons Level 1  
  54  5:31  Drone  
  54  5:34  Overlord  
  55  5:44  Evolution Chamber, Roach x4  
  59  5:51  Evolution Chamber, Roach  
  59  5:52  Roach  
  62  5:57  Roach Warren  
  62  6:00  Overseer  
  62  6:03  Glial Reconstitution  
  61  6:06  Roach  
  61  6:07  Roach  
  65  6:13  Overlord  
  65  6:14  Overlord  
  65  6:17  Spire  
  66  6:21  Roach x2  
  66  6:23  Overlord  
  70  6:29  Drone x2  
  72  6:33  Roach  
  72  6:34  Roach x2  
  78  6:43  Hatchery  
  77  6:49  Drone x4  
  77  6:52  Drone x2  
  83  6:56  Overlord  
  83  7:02  Drone x2  
  85  7:09  Overlord x2  
  85  7:22  Zerg Missile Weapons Level 2  
  85  7:29  Mutalisk x4  
  93  7:31  Mutalisk  
  93  7:33  Drone  
  93  7:34  Drone x2  
  93  7:36  Zerg Ground Armor Level 1  
  98  7:38  Overlord  
  98  7:40  Roach  
  100  7:46  Roach x3  
  106  7:58  Drone  
  107  7:59  Roach x3  
  107  8:00  Overseer  
  113  8:06  Roach  
  113  8:07  Roach x4  
  123  8:14  Roach x4  
  131  8:20  Overlord  
  131  8:21  Overlord x2  
  131  8:23  Overseer  
  131  8:30  Overlord x2  
  131  8:32  Extractor  
  131  8:33  Extractor  
  132  8:34  Roach  
  132  8:40  Roach x7  
  146  8:44  Overlord  
  146  8:53  Roach x6  
  156  9:03  Roach x4  
  156  9:06  Roach x2  
  156  9:07  Roach  
  144  9:10  Roach  
  144  9:13  Roach x2  
  126  9:18  Roach x2  
  120  9:27  Roach x3  
  126  9:34  Roach x4  
  134  9:43  Drone x7  
  141  9:47  Drone  
  141  9:48  Drone  
  141  9:49  Queen  
  145  9:55  Ravager  
  145  9:56  Ravager x3  
  145  9:57  Roach  
  145  9:58  Roach  
  153  10:02  Roach x2  
  153  10:03  Roach  
  153  10:06  Overlord  
  159  10:08  Overlord  
  159  10:13  Roach x3  
  165  10:21  Drone  
  165  10:26  Roach x3  
  172  10:28  Hatchery  
  172  10:35  Roach x5  
  181  10:39  Burrow  
  181  10:41  Extractor, Overseer  
  180  10:45  Roach x4  
  188  10:51  Overlord  
  188  10:53  Roach x2  
  192  11:02  Roach x2  
  196  11:07  Overlord x2  
  196  11:08  Overlord  
  196  11:09  Roach, Overlord  
  189  11:12  Roach  
  189  11:13  Roach x3  
  185  11:18  Roach x3  
  185  11:22  Zerg Ground Armor Level 2  
  189  11:26  Ravager  
  189  11:27  Ravager  
  189  11:28  Ravager  
  189  11:30  Roach x4  
  199  11:42  Roach x13  
  199  11:46  Ravager  
  200  11:47  Roach  
  200  11:59  Roach x2  
  200  12:05  Roach x9  
  196  12:17  Roach x12  
  196  12:24  Roach x2  
  196  12:26  Tunneling Claws  
  192  12:41  Roach x8  
  196  12:46  Roach x6  
  196  12:50  Roach  
  188  12:54  Roach x6  
  200  13:00  Infestation Pit  
  199  13:12  Roach x4  
  199  13:19  Roach x8  
  197  13:24  Roach x6  
  179  13:28  Roach x4  
  179  13:31  Roach x3  
  179  13:33  Roach x3  
  179  13:35  Roach x4  
  179  13:37  Roach  
  179  13:39  Roach x17  
  179  13:40  Ravager x2  
  179  13:41  Ravager  
  182  13:46  Roach x3  
  188  13:50  Roach  
  186  13:56  Roach x6  
  186  14:02  Roach x4  
  195  14:04  Roach x7  
  195  14:05  Roach x2  
  195  14:06  Roach x29  
  189  14:12  Roach x4  
  189  14:14  Drone  
  189  14:16  Ravager  
  199  14:20  Extractor  
  198  14:26  Overlord  
  198  14:29  Roach  
  192  14:39  Roach x5  
  192  14:45  Roach x4  
  196  14:48  Roach x3  
  196  14:57  Roach x3  
  196  14:58  Roach  
  196  14:59  Roach x13  
  192  15:10  Roach x7  
  192  15:11  Roach x2  
  192  15:16  Roach x4  
  192  15:21  Roach x15  
  198  15:24  Roach  
  198  15:25  Roach  
  194  15:30  Roach x4  
  198  15:36  Ravager x2  
  198  15:41  Overlord  
  196  16:01  Roach x6  
  196  16:04  Roach x3  
  198  16:05  Roach  
  198  16:06  Roach  
  198  16:10  Roach x6  
  188  16:12  Roach x7  
  188  16:18  Roach  
  194  16:19  Roach  
  194  16:20  Ravager  
  194  16:21  Ravager, Roach x2  
  198  16:36  Roach  
  198  16:37  Roach x2  
  198  16:38  Roach x2  
  200  16:43  Roach  
  198  16:47  Overlord x2  
  198  16:53  Roach x6  
  191  16:56  Roach x6  
  191  16:57  Roach  
  178  17:03  Roach x3  
  178  17:06  Roach  
  178  17:07  Roach  
  186  17:18  Roach x5  
  194  17:26  Roach x4  
  194  17:37  Overseer  
  194  17:40  Roach  
  194  17:41  Roach x3  
  195  17:48  Roach x7  
  195  17:50  Roach x5  
  195  17:51  Roach  
  188  17:55  Roach x4  
  163  17:58  Roach  
  163  18:02  Roach x3  
  163  18:05  Roach  
  146  18:08  Roach  
  146  18:09  Roach x3  
  146  18:11  Roach  
  144  18:13  Roach  
  144  18:16  Roach  
  144  18:18  Roach x4  
  144  18:19  Roach x2  
  139  18:22  Overseer  
  139  18:23  Roach  
  139  18:25  Roach  
  143  18:29  Roach  
  143  18:30  Roach x23  
  143  18:32  Roach  
  143  18:38  Ravager  
  143  18:39  Ravager x2  
  143  18:41  Roach x3  
  152  18:46  Roach x5  
  158  18:54  Roach x4  
  162  19:06  Ravager  
  162  19:07  Roach x4  
  171  19:17  Roach x3  
  171  19:22  Roach x3  
  171  19:23  Roach, Hatchery  
  172  19:26  Extractor  
  172  19:27  Roach x29  
  172  19:28  Roach x4  
  179  19:32  Overlord  
  179  19:35  Overseer  
  179  19:36  Overlord  
  177  19:44  Roach  
  173  19:45  Roach  
  173  19:46  Roach x2  
  173  19:50  Drone x2, Extractor, Roach x45  
  173  19:51  Extractor  
  177  19:58  Roach x5  
  185  20:02  Roach x2  
  189  20:08  Drone x2  
  189  20:11  Roach  
  189  20:12  Roach x3  
  181  20:26  Roach x9  
  177  20:29  Roach x39  
  179  20:37  Roach x6  
Show
View Real Time Build Order
Export as new Build Order

Reynor Zerg 

Build Orders: Pool First 

Get SALT Encoding   

  8  0:00  Drone  
  9  0:10  Drone  
  10  0:32  Spawning Pool  
  9  0:38  Drone  
  10  0:43  Drone  
  10  0:48  Drone  
  12  0:59  Overlord  
  12  1:19  Zergling x6  
  15  1:30  Zergling x2  
  17  1:40  Zergling x2  
  17  1:46  Hatchery  
  16  1:50  Zergling x2  
  17  1:59  Drone  
  18  2:11  Queen  
  20  2:19  Overlord  
  20  2:38  Drone x2  
  20  2:39  Drone  
  23  2:48  Drone  
  21  2:56  Queen  
  21  2:58  Drone  
  22  3:00  Drone  
  23  3:10  Zergling x2  
  23  3:11  Zergling x2  
  25  3:16  Extractor  
  25  3:18  Drone  
  25  3:19  Overlord  
  26  3:27  Drone  
  26  3:28  Drone x2  
  26  3:30  Drone  
  29  3:37  Drone  
  29  3:38  Drone  
  30  3:41  Drone  
  31  3:48  Drone  
  31  3:54  Overlord  
  32  3:57  Overlord  
  32  4:02  Extractor  
  31  4:03  Drone  
  33  4:13  Drone x6  
  38  4:18  Metabolic Boost  
  38  4:23  Zergling x2  
  40  4:24  Zergling x2  
  40  4:25  Drone  
  40  4:26  Drone  
  40  4:31  Drone x2  
  44  4:34  Overlord  
  44  4:44  Hatchery  
  43  4:50  Evolution Chamber  
  43  4:51  Zergling x6  
  45  4:53  Zergling x2  
  45  4:54  Drone  
  45  4:57  Zergling x2  
  48  5:03  Zergling x4  
  50  5:07  Overlord  
  50  5:08  Zergling x6  
  50  5:09  Zergling x2  
  50  5:14  Zergling x2  
  55  5:17  Zerg Ground Armor Level 1  
  55  5:19  Zergling x2  
  56  5:23  Overlord  
  56  5:27  Drone x2  
  57  5:29  Queen  
  57  5:32  Extractor  
  57  5:33  Extractor  
  57  5:34  Drone  
  57  5:35  Drone  
  59  5:37  Drone x3  
  62  5:45  Drone  
  62  5:47  Drone x2  
  62  5:49  Drone  
  66  5:50  Roach Warren  
  66  5:51  Drone  
  66  5:57  Overlord  
  66  5:59  Drone x2  
  66  6:03  Lair  
  68  6:04  Drone  
  68  6:06  Drone  
  68  6:08  Drone  
  68  6:10  Drone  
  68  6:11  Drone  
  73  6:15  Drone x2  
  73  6:16  Drone  
  76  6:20  Overlord  
  76  6:25  Extractor  
  75  6:35  Roach x4  
  75  6:36  Overlord x2  
  83  6:42  Roach x4  
  91  6:49  Overlord  
  91  6:53  Overlord  
  91  6:56  Roach x5  
  91  7:00  Glial Reconstitution  
  101  7:04  Roach x3  
  101  7:06  Overlord  
  107  7:11  Roach x3  
  107  7:14  Zerg Missile Weapons Level 1  
  113  7:17  Drone x3  
  113  7:19  Drone  
  117  7:25  Roach x3  
  117  7:27  Overlord  
  117  7:29  Roach  
  124  7:31  Roach  
  124  7:33  Roach  
  128  7:39  Overlord  
  128  7:41  Roach  
  128  7:42  Overlord x2  
  130  7:46  Roach x2  
  130  7:48  Roach x2  
  138  7:54  Overlord  
  138  7:58  Roach x4  
  146  8:02  Drone  
  146  8:04  Hydralisk Den, Queen  
  148  8:08  Spore Crawler  
  148  8:12  Spore Crawler  
  146  8:13  Drone x2  
  146  8:14  Drone x2  
  150  8:20  Drone x2  
  150  8:21  Spore Crawler  
  150  8:26  Drone x3  
  154  8:28  Spore Crawler, Overlord x2  
  154  8:31  Overlord  
  153  8:34  Grooved Spines  
  153  8:45  Overlord x2  
  153  8:47  Drone x2  
  153  8:48  Drone  
  154  8:49  Hydralisk x3  
  154  8:50  Hydralisk  
  161  8:57  Hydralisk  
  161  8:59  Overlord  
  161  9:03  Hydralisk x3  
  161  9:06  Hydralisk  
  147  9:10  Roach x2  
  147  9:15  Zerg Missile Weapons Level 2  
  147  9:16  Roach x2  
  147  9:17  Roach  
  149  9:22  Drone x3, Extractor  
  145  9:27  Roach  
  143  9:32  Zergling x4  
  143  9:38  Roach x3  
  143  9:40  Roach  
  143  9:41  Overlord  
  143  9:43  Queen  
  143  9:45  Roach, Extractor  
  145  9:49  Roach x3  
  145  9:51  Roach  
  145  9:52  Muscular Augments  
  152  9:53  Roach  
  152  9:56  Overlord  
  154  10:01  Roach x4  
  154  10:02  Roach  
  164  10:08  Overlord  
  164  10:11  Roach x2  
  168  10:15  Hydralisk x2  
  168  10:16  Roach  
  168  10:17  Roach  
  168  10:20  Drone x2  
  178  10:21  Overlord  
  178  10:23  Roach  
  178  10:25  Overlord  
  182  10:28  Roach  
  182  10:30  Roach  
  182  10:32  Roach  
  182  10:35  Hatchery  
  185  10:39  Ravager x2  
  185  10:40  Roach x2  
  190  10:43  Overlord  
  190  10:47  Drone  
  190  10:48  Roach x3  
  197  10:50  Roach  
  197  11:10  Hatchery  
  179  11:22  Roach  
  179  11:23  Roach x9  
  199  11:31  Zerg Ground Armor Level 2  
  199  11:34  Overseer  
  187  12:04  Roach x8  
  187  12:07  Roach  
  187  12:08  Roach  
  195  12:09  Overlord, Overseer, Queen  
  195  12:10  Queen  
  195  12:14  Hydralisk x3  
  196  12:18  Overseer  
  190  12:23  Roach  
  190  12:24  Roach x4  
  200  12:30  Burrow  
  200  12:34  Roach x2  
  194  12:50  Hydralisk x3  
  179  12:52  Roach x10  
  195  13:03  Roach x3  
  200  13:09  Extractor  
  191  13:14  Roach x5  
  191  13:18  Roach x6  
  199  13:25  Hydralisk x2  
  199  13:26  Hydralisk, Roach x2  
  199  13:27  Roach x4  
  189  13:31  Roach  
  189  13:32  Roach  
  173  13:36  Roach  
  173  13:38  Roach  
  173  13:39  Roach x3  
  183  13:43  Roach x5  
  183  13:46  Roach  
  195  13:49  Roach  
  197  13:58  Roach  
  191  14:04  Roach x4  
  191  14:05  Roach x32  
  191  14:08  Roach x2  
  199  14:10  Overseer  
  199  14:22  Infestation Pit  
  189  14:52  Hydralisk x6  
  187  14:59  Roach x5  
  193  15:16  Roach x29  
  193  15:18  Roach x3  
  193  15:19  Roach x2  
  193  15:21  Pneumatized Carapace  
  195  15:36  Overlord x3  
  195  15:38  Spine Crawler, Spore Crawler  
  195  15:42  Hive  
  193  15:45  Overlord  
  187  15:55  Roach x6  
  187  15:56  Roach x2  
  191  16:04  Roach x4  
  191  16:11  Roach x5  
  199  16:14  Roach  
  161  16:54  Roach x6  
  161  16:55  Roach x15  
  173  17:05  Zerg Missile Weapons Level 3  
  173  17:07  Hydralisk x3  
  170  17:11  Hydralisk x3  
  170  17:12  Hydralisk  
  170  17:15  Hydralisk x4  
  172  17:16  Hydralisk, Lurker Den, Roach x3  
  180  17:24  Roach x3  
  182  17:32  Hydralisk x2  
  170  17:42  Roach x3  
  170  17:43  Roach  
  167  17:47  Roach x3  
  147  17:52  Roach x3  
  127  18:01  Roach x2  
  119  18:07  Roach  
  99  18:18  Zergling x2  
  99  18:19  Roach x2  
  98  18:28  Roach x2  
  98  18:32  Roach  
  98  18:39  Seismic Spines  
  94  18:56  Lurker x3  
  94  19:00  Extractor  
  94  19:01  Roach  
  96  19:07  Lurker  
  97  19:10  Drone x4  
  97  19:12  Extractor  
  97  19:15  Hydralisk  
  99  19:21  Roach  
  99  19:22  Lurker  
  100  19:26  Lurker  
  100  19:30  Hydralisk  
  101  19:31  Drone x3  
  101  19:33  Lurker  
  101  19:45  Lurker  
  101  19:52  Lurker x2  
  104  19:57  Roach x6  
  109  20:09  Lurker x2  
  110  20:15  Roach x3  
  104  20:24  Roach x4  
  104  20:25  Roach  
  98  20:30  Roach x2  
  98  20:35  Roach x2  
  102  20:39  Roach  
  102  20:41  Roach  
  99  20:56  Ravager  
Tags
 
Add a new tag
Caveats
  • Supply blocks, unpowered buildings, or Contaminate may cause inaccurate times.
  • Supply counts are checked every 10 seconds.